 Dungeon Crawl Stone Soup version 0.29-a0-962-gc8bbfd0a37 (webtiles) character file.

Game seed: 10442874357233877727

721 greasedhog the Digger (level 7, 0/36 HPs)
             Began as a Gargoyle Earth Elementalist on July 30, 2022.
             Was an Initiate of Vehumet.
             Shot with an arrow by a centaur (1 damage)
             ... on level 5 of the Dungeon on July 31, 2022.
             The game lasted 00:12:42 (5538 turns).

greasedhog the Digger (Gargoyle Earth Elementalist) Turns: 5538, Time: 00:12:43

Health: 0/36       AC:  7    Str: 12    XL:     7   Next: 71%
Magic:  13/14      EV: 11    Int: 17    God:    Vehumet [......]
Gold:   238        SH:  0    Dex: 10    Spells: 12/16 levels left

rFire   . . .      SeeInvis .   f - +0 dagger (holy)
rCold   . . .      Faith    .   (no shield)
rNeg    + . .      Spirit   .   a - +0 robe
rPois   ∞          Reflect  .   (no helmet)
rElec   +          Harm     .   (no cloak)
rCorr   .          Rampage  .   (no gloves)
Will    .....                   j - +0 pair of boots
Stlth   +++.......              e - amulet of the acrobat
HPRegen 0.12/turn               (no ring)
MPRegen 0.14/turn               (no ring)

@: weakened
A: sickness immunity, AC +4, negative energy resistance 1, electricity
resistance, torment resistance 1, petrification resistance
a: Renounce Religion


You were on level 5 of the Dungeon.
You worshipped Vehumet.
Vehumet was noncommittal.
You visited 1 branch of the dungeon, and saw 5 of its levels.
You also visited: Sewer.

You collected 238 gold pieces.

Inventory:

Hand Weapons
 f - a +0 dagger of holy wrath (weapon)
Missiles
 m - a throwing net
Armour
 a - a +0 robe (worn)
 j - a +0 pair of boots (worn)
Jewellery
 e - an amulet of the acrobat (around neck)
Scrolls
 g - a scroll of vulnerability
 h - a scroll of blinking
 l - a scroll of brand weapon
 o - 4 scrolls of teleportation {unknown}
 p - 3 scrolls of magic mapping
 q - a scroll of enchant weapon {unknown}
 s - 5 scrolls of poison {unknown}
 t - a scroll of amnesia {unknown}
Potions
 b - 2 potions of magic
 c - 2 potions of attraction {unknown}
 d - 3 potions of curing
 i - 3 potions of brilliance {unknown}
 k - a potion of degeneration {unknown}
 n - a potion of ambrosia {unknown}
 u - 2 potions of might {unknown}
 v - 3 potions of invisibility {unknown}
 w - 2 potions of experience {unknown}
 x - a potion of haste {unknown}
 z - 2 potions of heal wounds {unknown}
 A - a potion of resistance {unknown}


   Skills:
 - Level 1.5 Dodging
 - Level 5.0 Stealth
 * Level 5.0 Spellcasting
 - Level 1.0 Transmutations
 * Level 7.1 Earth Magic


You had 12 spell levels left.
You knew the following spells:

 Your Spells              Type           Power      Damage    Failure   Level
a - Sandblast             Erth           56%        2d13      1%          1
b - Stone Arrow           Conj/Erth      32%        3d9       10%         3

Your spell library contained the following spells:

 Spells                   Type           Power      Damage    Failure   Level
 Passwall                 Tmut/Erth      15%        N/A       4%          2
 Blink                    Tloc           8%         N/A       22%         2
 Petrify                  Tmut/Erth      18%        N/A       26%         4
 Leda's Liquefaction      Hex/Erth       8%         N/A       32%         4
 Call Canine Familiar     Summ           4%         N/A       38%         3
 Portal Projectile        Hex/Tloc       8%         N/A       38%         3
 Manifold Assault         Tloc           4%         N/A       98%         5
 Storm Form               Tmut/Air       2%         N/A       100%        7


Dungeon Overview and Level Annotations

Branches:
Dungeon (5/15)              Sewer (visited)
 Temple: D:4-7

Altars:
Ru
Uskayaw
Vehumet


Innate Abilities, Weirdness & Mutations

You are immune to sickness and miasma.
Your stone body is resilient. (AC +4)
You are immune to poison.
You resist negative energy. (rN+)
You are resistant to electric shocks. (rElec)
You are resistant to unholy torment.
You are immune to petrification.


Message History

Vehumet accepts your kill.
Your Spellcasting skill increases to level 5!
The blast of sand hits the gnoll.
The gnoll is heavily wounded.
The gnoll barely misses you. The gnoll hits you but does no damage.
The gnoll hits you from afar with a +0 halberd.
The gnoll barely misses you.
The blast of sand hits the gnoll!
The gnoll is almost dead.
The gnoll hits you with a +0 club. The gnoll barely misses you.
The gnoll hits you with a +0 club. The gnoll barely misses you.
The blast of sand hits the gnoll.
You kill the gnoll!
Vehumet accepts your kill. The gnoll closely misses you.
A gnoll comes into view. It is wielding a +0 flail.
The gnoll hits you from afar with a +0 halberd!
You are too injured to fight recklessly!
Found a stone staircase leading down.
A necrophage comes into view.
The necrophage moves out of view.
Found a ring mail.
A centaur comes into view.
The gnoll throws a stone.
The stone misses you.
The centaur shouts!
Blink to where?
Press: ? - help, Dir - move target
As you read the scroll of blinking, it crumbles to dust.
The centaur wields a +0 shortbow.
The centaur shoots an arrow.
The arrow hits you!
* * * LOW HITPOINT WARNING * * *
The gnoll bouda barks out a call to the hunt!
The gnoll picks up the pace!
The centaur shoots an arrow.
The arrow hits you!
* * * LOW HITPOINT WARNING * * *
The gnoll bouda gazes fiercely through you!
You feel your attacks grow feeble.
There is a stone staircase leading up here.
The centaur shoots an arrow.
The arrow hits you.
You die...

####............
.###..#####
.................#
..........###
.[.....>.........#
............
#..............#
###........
##..............#
#........
#...g....c......#
#........
#......§........#
####.......
##...............#
##..........
..g.......g.....@#
##...........
.#.........(.....#
#..######....
.#...............# #.##
##.##
.#..../..........# #.#
#..# g#...............#
#.# #.÷.
.##.......g......# #.#
##...
.##..$...........# ##.#
##....
.####...........####..#
###.....
................###..##
#.......


You could see a centaur, a gnoll bouda and a gnoll (swift).

Vanquished Creatures
  Grinder (D:5)
  A howler monkey (D:5)
  2 hounds
  4 iguanas
  An orc wizard (D:5)
  9 gnolls
  5 adders
  4 worms
  2 dart slugs
  8 orcs
  7 bats
  12 endoplasms
  9 giant cockroaches
  6 goblins
  8 hobgoblins
  10 jackals
  6 quokkas
  11 ball pythons
  7 frilled lizards
  20 kobolds
  11 rats
144 creatures vanquished.

Notes
Turn   | Place    | Note
-------+----------+-------------------------------------------
     0 | D:1      | greasedhog the Gargoyle Earth Elementalist began the quest
                  | for the Orb.
     0 | D:1      | Reached XP level 1. HP: 10/10 MP: 3/3
   187 | D:1      | Reached skill level 1 in Transmutations
   238 | D:1      | Reached XP level 2. HP: 15/15 MP: 3/5
   523 | D:1      | Reached skill level 4 in Earth Magic
   681 | D:1      | Reached XP level 3. HP: 19/19 MP: 4/6
  1303 | D:2      | Learned a level 3 spell: Stone Arrow
  2035 | D:2      | Reached XP level 4. HP: 24/24 MP: 6/8
  2629 | D:3      | Reached XP level 5. HP: 28/28 MP: 5/9
  2889 | D:3      | Reached skill level 5 in Earth Magic
  2924 | D:3      | Found a glowing drain.
  2937 | Sewer    | Entered a sewer
  3992 | D:4      | Found a sacrificial altar of Ru.
  4021 | D:4      | Reached XP level 6. HP: 31/32 MP: 8/11
  4283 | D:4      | You fall into a shaft and drop 1 floor!
  4283 | D:5      | Entered Level 5 of the Dungeon
  4501 | D:5      | Reached skill level 5 in Stealth
  4904 | D:5      | Found a hide-covered altar of Uskayaw.
  4905 | D:5      | Found a radiant altar of Vehumet.
  5028 | D:5      | Became a worshipper of Vehumet
  5069 | D:5      | Reached skill level 6 in Earth Magic
  5091 | D:5      | Noticed Grinder
  5107 | D:5      | Reached XP level 7. HP: 20/36 MP: 4/13
  5343 | D:5      | Killed Grinder
  5344 | D:5      | Reached skill level 7 in Earth Magic
  5514 | D:5      | Reached skill level 5 in Spellcasting
  5536 | D:5      | HP: 1/36 [centaur/arrow (8)]
  5538 | D:5      | Shot with an arrow by a centaur

Illustrated notes

Levels and vault maps discovered:
D:1:      onia_arrival_mini_spirals, layout_basic, serial_forest,
          infiniplex_forest_lined_1, infiniplex_forest_pool,
          infiniplex_forest_lined_room_2, infiniplex_forest_clump_long,
          infiniplex_forest_lined_2, infiniplex_forest_side_room,
          shapermc_ecumenical_altar_petra
D:2:      layout_basic
D:3:      layout_basic, portal_sewer_entry_c
D:4:      layout_loops_corners, amcnicky_altar_gilded, grunt_decor_cap
D:5:      layout_layer_cave, trog_wizard, mainiacjoe_overflow_surrounded_room,
          nicolae_overflow_squiral, uniq_grinder

Skill      XL: |  1  2  3  4  5  6  7 |
---------------+----------------------+-----
Transmutations | 1 |  1.0
Earth Magic    | 4 5 6 7 |  7.1
Stealth        | 3 4 5 |  5.0
Spellcasting   | 3 4 5 |  5.0
Dodging        | |  1.5

Action                   |  1- 3 |  4- 6 |  7- 9 || total
-------------------------+-------+-------+-------++-------
Melee: Unarmed           |     4 |       |       ||     4
       Dagger            |       |    19 |       ||    19
 Cast: Sandblast         |    58 |   144 |    18 ||   220
       Stone Arrow       |       |     5 |       ||     5
  Use: Scroll            |     5 |     1 |     2 ||     8
       Potion            |       |     1 |       ||     1
Armor: Robe              |     8 |    70 |     4 ||    82
Dodge: Dodged            |    22 |    85 |    19 ||   126

Table legend: (Time is in decaauts)
 A = Elapsed time spent in this place.
 B = Non-inter-level travel time spent in this place.
 C = Inter-level travel time spent in this place.
 D = Time resting spent in this place.
 E = Time spent auto-exploring this place.
 F = Levels seen in this place.
 G = Mean time per level.
                   A        B        C        D        E       F      G
               +--------+--------+--------+--------+--------+-----+--------+
         Total |   5778 |   5683 |     95 |    745 |   3763 |   6 |  963.0 |
       Dungeon |   5063 |   4968 |     95 |    609 |   3339 |   5 | 1012.6 |
         Sewer |    714 |    714 |      0 |    136 |    424 |   1 |  714.0 |
               +--------+--------+--------+--------+--------+-----+--------+

Top non-repeatable levels by time:
     D:2: 1358 daAuts
     D:5: 1307 daAuts
     D:1: 1164 daAuts
     D:3: 747 daAuts
   Sewer: 714 daAuts
     D:4: 486 daAuts
